[Event "XVI Calvia Amateur Open 2019"]
[Site "Calvia"]
[Date "2019.10.12"]
[Round "8.1"]
[White "Reichmann, Hendrik"]
[Black "Gallego Bergada, Antoni"]
[Result "1/2-1/2"]
[ECO "A25"]
[WhiteElo "2341"]
[BlackElo "2177"]
[Annotator "NA"]
[PlyCount "85"]
[EventDate "2019.10.05"]
[EventType "swiss"]
[EventCountry "ESP"]
[SourceTitle "playchess.com"]
[Source "ChessBase"]
[SourceQuality "1"]
[TimeControl "40/5400+30:900+30"]

1. c4 g6 2. g3 Bg7 3. Bg2 d6 4. Nc3 e5 5. d3 Nc6 6. Rb1 a5 7. a3 Nf6 8. e3 O-O 9. Nge2 Be6 10. Qb3 Rb8 11. Qa4 Qd7 12. Nd5 Bh3 13. Nxf6+ Bxf6 14. Be4 Bg7 15. Bd2 Bf5 16. O-O Nd4 17. Qd1 Bxe4 18. dxe4 Nf3+ 19. Kg2 Ng5 20. f3 Qh3+ 21. Kh1 b6 22. Nc3 f5 23. exf5 gxf5 24. e4 Ne6 25. Nd5 fxe4 26. fxe4 Rxf1+ 27. Qxf1 Qg4 28. Re1 Rf8 29. Qg2 Kh8 30. h3 Qg6 31. Ne7 Qf7 32. Nd5 Nd4 33. Bc3 Bh6 34. b4 axb4 35. axb4 Ne6 36. Ra1 Kg7 37. Ra7 Qh5 38. Nxc7 Qd1+ 39. Kh2 Nxc7 40. Rxc7+ Kg8 41. Ra7 Be3 42. Ra2 Qb3 43. Rc2 1/2-1/2

[Event "XVI Calvia Amateur Open 2019"]
[Site "Calvia"]
[Date "2019.10.12"]
[Round "8.2"]
[White "Massanet Massanet, Sebastian"]
[Black "Thakoerdien, Jerrel"]
[Result "1-0"]
[ECO "A67"]
[WhiteElo "2252"]
[BlackElo "2149"]
[Annotator "NA"]
[PlyCount "93"]
[EventDate "2019.10.05"]
[EventType "swiss"]
[EventCountry "ESP"]
[SourceTitle "playchess.com"]
[Source "ChessBase"]
[SourceQuality "1"]
[TimeControl "40/5400+30:900+30"]

1. d4 Nf6 2. c4 c5 3. d5 e6 4. Nc3 exd5 5. cxd5 d6 6. e4 g6 7. f4 Bg7 8. Bb5+ Nfd7 9. Be2 O-O 10. Nf3 Na6 11. O-O Nc7 12. Kh1 a6 13. a4 Rb8 14. a5 Re8 15. f5 b5 16. axb6 Rxb6 17. Bg5 f6 18. Bc1 Qe7 19. Bd3 Ne5 20. Nxe5 dxe5 21. Bc4 Qd6 22. Be3 Bd7 23. Qe2 Nb5 24. Na4 Nd4 25. Bxd4 Bxa4 26. Bxc5 Qxc5 27. Rxa4 gxf5 28. Rxf5 a5 29. Rf3 Kh8 30. Rh3 Rc8 31. b3 Rb4 32. Ra1 a4 33. Rd1 Rd8 34. Qh5 h6 35. Rg3 axb3 36. Bxb3 Rdb8 37. d6 Rd4 38. d7 Qe7 39. Rxd4 exd4 40. Qd5 Rd8 41. Qf5 Qxd7 42. Qg6 Rc8 43. h3 d3 44. Bf7 Rg8 45. Bxg8 Kxg8 46. Qf5 Qb7 47. Qd5+ 1-0

[Event "XVI Calvia Amateur Open 2019"]
[Site "Calvia"]
[Date "2019.10.12"]
[Round "8.3"]
[White "Borovnica, Tihomir"]
[Black "Voiteanu, Gabriel"]
[Result "1/2-1/2"]
[ECO "D15"]
[WhiteElo "2231"]
[BlackElo "2119"]
[Annotator "NA"]
[PlyCount "91"]
[EventDate "2019.10.05"]
[EventType "swiss"]
[EventCountry "ESP"]
[SourceTitle "playchess.com"]
[Source "ChessBase"]
[SourceQuality "1"]
[TimeControl "40/5400+30:900+30"]

1. d4 d5 2. c4 c6 3. Nf3 Nf6 4. Nc3 dxc4 5. g3 c5 6. Qa4+ Bd7 7. Qxc4 cxd4 8. Nxd4 Nc6 9. Bg2 Nxd4 10. Qxd4 Bc6 11. Bxc6+ bxc6 12. Qxd8+ Rxd8 13. Be3 Rd7 14. O-O e5 15. Rfd1 Nd5 16. Nxd5 cxd5 17. Rac1 d4 18. Bd2 Bd6 19. Rc8+ Rd8 20. Rxd8+ Kxd8 21. e3 Kc8 22. exd4 exd4 23. Rc1+ Kb7 24. Rc4 Be5 25. Kg2 f5 26. Kf3 Re8 27. h3 Bf6 28. g4 fxg4+ 29. hxg4 h6 30. a4 d3 31. Rb4+ Kc6 32. Re4 Rf8 33. Ke3 Bxb2 34. Kxd3 Rxf2 35. Re7 Rg2 36. g5 hxg5 37. Rxa7 g4 38. Ra6+ Kb7 39. Rg6 Bf6 40. a5 Rg1 41. Be3 Rg2 42. Ke4 Ra2 43. Bb6 Kc6 44. Rxg4 Ra4+ 45. Kf5 Rxg4 46. Kxg4 1/2-1/2

[Event "XVI Calvia Amateur Open 2019"]
[Site "Calvia"]
[Date "2019.10.12"]
[Round "8.4"]
[White "Visser, Henk-Jan"]
[Black "Hristodorescu, Daniel"]
[Result "1/2-1/2"]
[ECO "C77"]
[WhiteElo "2184"]
[BlackElo "2102"]
[Annotator "NA"]
[PlyCount "197"]
[EventDate "2019.10.05"]
[EventType "swiss"]
[EventCountry "ESP"]
[SourceTitle "playchess.com"]
[Source "ChessBase"]
[SourceQuality "1"]
[TimeControl "40/5400+30:900+30"]

1. e4 e5 2. Nf3 Nc6 3. Bb5 a6 4. Ba4 Nf6 5. O-O Be7 6. d3 b5 7. Bb3 d6 8. a3 O-O 9. Nc3 Nb8 10. a4 b4 11. Nd5 Nxd5 12. Bxd5 c6 13. Bb3 a5 14. d4 Qc7 15. Be3 Ba6 16. Re1 Nd7 17. dxe5 dxe5 18. Ng5 Nf6 19. g4 c5 20. Bxf7+ Rxf7 21. Nxf7 Bb7 22. g5 Nxe4 23. Qh5 Rf8 24. f3 Rxf7 25. fxe4 Bxe4 26. Rf1 g6 27. Qh4 Bf5 28. Qc4 Qc6 29. Rf2 Be6 30. Qb5 Qc8 31. Rxf7 Bxf7 32. Qf1 Bd5 33. h3 Be6 34. Kh2 Qc6 35. Qb5 Qc8 36. h4 Bf7 37. Re1 Qf5 38. Qd3 e4 39. Qd2 Qg4 40. Bf2 Be6 41. Re3 Qf5 42. Bg3 h6 43. gxh6 Kh7 44. Kg1 Bf8 45. Re1 c4 46. Qf4 Bc5+ 47. Kf1 e3 48. Qxf5 Bxf5 49. c3 Bd3+ 50. Kg2 b3 51. Bf4 e2 52. Kf3 Bf8 53. Rxe2 Bxe2+ 54. Kxe2 Bxh6 55. Bd6 Bg7 56. Kd1 Kg8 57. Bc7 Kf7 58. Bxa5 Ke6 59. Bb6 Kd5 60. Kd2 Bf6 61. Bf2 Kc6 62. Be1 Be7 63. Bf2 Bf8 64. Be3 Be7 65. Bg5 Bc5 66. Ke2 Ba3 67. Bc1 Be7 68. Ke3 Kd5 69. Kf3 Bxh4 70. a5 Kc6 71. Ke4 Bd8 72. a6 Kb6 73. Kd5 g5 74. Kxc4 g4 75. Bf4 Kxa6 76. Kxb3 Bh4 77. Kc4 Bf2 78. Kd3 Kb5 79. b3 Bh4 80. Bd2 g3 81. c4+ Kc6 82. Ke4 Kc5 83. Kf3 Kd4 84. Bf4 Kc3 85. Bxg3 Be7 86. Ke4 Kxb3 87. Kd5 Kb4 88. Be1+ Ka4 89. Kc6 Bf8 90. Bh4 Kb4 91. Kd5 Ka5 92. Bf2 Ka6 93. Bc5 Bh6 94. Kc6 Bc1 95. Bd4 Bd2 96. Be5 Bc1 97. Kd5 Kb7 98. c5 Kc8 99. c6 1/2-1/2

[Event "XVI Calvia Amateur Open 2019"]
[Site "Calvia"]
[Date "2019.10.12"]
[Round "8.5"]
[White "Hutchinson, Paul A"]
[Black "Scherer, Helmut"]
[Result "0-1"]
[ECO "D04"]
[WhiteElo "2139"]
[BlackElo "2278"]
[Annotator "NA"]
[PlyCount "104"]
[EventDate "2019.10.05"]
[EventType "swiss"]
[EventCountry "ESP"]
[SourceTitle "playchess.com"]
[Source "ChessBase"]
[SourceQuality "1"]
[TimeControl "40/5400+30:900+30"]

1. d4 d5 2. Nf3 Nf6 3. e3 c5 4. b3 cxd4 5. exd4 Nc6 6. Bb2 Bf5 7. a3 Rc8 8. Bd3 Bxd3 9. Qxd3 e6 10. Nbd2 Bd6 11. O-O O-O 12. b4 Qc7 13. Rfe1 Rfd8 14. Rac1 Bf4 15. g3 Bxd2 16. Nxd2 Ne7 17. c4 dxc4 18. Nxc4 Ned5 19. Ne5 Qd6 20. Qd2 h6 21. Rxc8 Rxc8 22. Rc1 Rc7 23. Rc2 Rxc2 24. Qxc2 Qc7 25. Qxc7 Nxc7 26. a4 Nfd5 27. Nd3 Nb6 28. Nc5 Nc4 29. Bc3 b6 30. Nd7 Nd5 31. Be1 Nb2 32. a5 Nd3 33. Bd2 b5 34. Kf1 N3xb4 35. Ke2 Nc6 36. Kd3 f6 37. f4 Kf7 38. Nc5 Ke7 39. g4 f5 40. g5 Nb8 41. h4 Nd7 42. Nb7 h5 43. a6 Nf8 44. Ba5 Ng6 45. Kc2 Nxh4 46. Bd8+ Kd7 47. Nc5+ Kxd8 48. Nxe6+ Ke7 49. Nxg7 Nxf4 50. Kb3 Kf7 51. Kb4 Kxg7 52. Kxb5 Nd5 0-1

[Event "XVI Calvia Amateur Open 2019"]
[Site "Calvia"]
[Date "2019.10.12"]
[Round "8.6"]
[White "Jekabsons, Ivars"]
[Black "Galiana Salom, Juan Ramon"]
[Result "1-0"]
[ECO "C12"]
[WhiteElo "2119"]
[BlackElo "2236"]
[Annotator "NA"]
[PlyCount "123"]
[EventDate "2019.10.05"]
[EventType "swiss"]
[EventCountry "ESP"]
[SourceTitle "playchess.com"]
[Source "ChessBase"]
[SourceQuality "1"]
[TimeControl "40/5400+30:900+30"]

1. e4 e6 2. d4 d5 3. Nc3 Nf6 4. Bg5 Bb4 5. Nge2 dxe4 6. a3 Be7 7. Bxf6 gxf6 8. Nxe4 c6 9. Qd2 f5 10. N4c3 Nd7 11. g3 Nf6 12. Bg2 Bd7 13. Nf4 Qc7 14. O-O-O O-O-O 15. Rhe1 Bd6 16. Nd3 h5 17. h4 Ng4 18. Bf3 Qb6 19. Bxg4 fxg4 20. Ne5 Be8 21. Nc4 Qc7 22. Nxd6+ Qxd6 23. Ne4 Qd5 24. Qf4 Rf8 25. Nf6 Qa2 26. c3 c5 27. Nxe8 Rfxe8 28. dxc5 f5 29. Qe5 Qb3 30. Rxd8+ Kxd8 31. Qd6+ Kc8 32. c6 bxc6 33. Qxc6+ Kd8 34. Qd6+ Kc8 35. Qc6+ Kd8 36. Qd6+ Kc8 37. Re5 Qa4 38. Rxe6 Rd8 39. Qc6+ Qxc6 40. Rxc6+ Kb7 41. Rh6 Rd3 42. Rxh5 Rf3 43. Rg5 Rxf2 44. h5 Rf3 45. Kb1 Rxg3 46. Rxf5 Rh3 47. Rg5 g3 48. Ka2 Rh2 49. h6 Rxh6 50. Rxg3 Rh4 51. b4 Rf4 52. Kb3 Rh4 53. Rd3 Rg4 54. c4 Rh4 55. c5 Rg4 56. Ka4 Rg7 57. Ka5 Rc7 58. Rd5 Rh7 59. b5 Rh3 60. a4 Rh4 61. Rd7+ Kb8 62. c6 1-0

[Event "XVI Calvia Amateur Open 2019"]
[Site "Calvia"]
[Date "2019.10.13"]
[Round "9.1"]
[White "Gallego Bergada, Antoni"]
[Black "Massanet Massanet, Sebastian"]
[Result "0-1"]
[ECO "C01"]
[WhiteElo "2177"]
[BlackElo "2252"]
[Annotator "NA"]
[PlyCount "92"]
[EventDate "2019.10.05"]
[EventType "swiss"]
[EventCountry "ESP"]
[SourceTitle "playchess.com"]
[Source "ChessBase"]
[SourceQuality "1"]
[TimeControl "40/5400+30:900+30"]

1. e4 e6 2. d4 d5 3. Bd3 dxe4 4. Bxe4 Nf6 5. Bf3 c5 6. Ne2 Nc6 7. Be3 cxd4 8. Nxd4 Ne5 9. Nc3 a6 10. Qe2 Nxf3+ 11. Qxf3 e5 12. Nb3 Bb4 13. Bc5 Bxc5 14. Nxc5 Qe7 15. N5e4 Nxe4 16. Qxe4 Qc5 17. f4 O-O 18. fxe5 Bd7 19. O-O-O Bc6 20. Qf4 Rae8 21. Rhe1 Re6 22. Rd2 f6 23. Rde2 fxe5 24. Qg3 Rg6 25. Qh3 Qd4 26. Ne4 h6 27. Qh5 Kh7 28. Qh3 Rf4 29. Nc3 Rh4 30. Qf5 Qf4+ 31. Qxf4 exf4 32. g3 fxg3 33. hxg3 Rxg3 34. Nd1 h5 35. Ne3 Rf4 36. b3 h4 37. c4 h3 38. Rh2 g5 39. Kd2 g4 40. Nf1 Rgf3 41. Ne3 Rf2+ 42. Re2 Rxh2 43. Rxh2 Bf3 44. Ke1 Kg6 45. Kf2 Kg5 46. Kg3 Bg2 0-1

[Event "XVI Calvia Amateur Open 2019"]
[Site "Calvia"]
[Date "2019.10.13"]
[Round "9.2"]
[White "Mazanek, Kamil"]
[Black "Reichmann, Hendrik"]
[Result "0-1"]
[ECO "B07"]
[WhiteElo "2077"]
[BlackElo "2341"]
[Annotator "NA"]
[PlyCount "64"]
[EventDate "2019.10.05"]
[EventType "swiss"]
[EventCountry "ESP"]
[SourceTitle "playchess.com"]
[Source "ChessBase"]
[SourceQuality "1"]
[TimeControl "40/5400+30:900+30"]

1. e4 g6 2. d4 Bg7 3. Bc4 d6 4. Nc3 Nc6 5. Be3 Nf6 6. f3 O-O 7. Nge2 e6 8. g3 d5 9. exd5 exd5 10. Bd3 Re8 11. Qd2 Ne7 12. g4 a6 13. h3 c5 14. dxc5 Nc6 15. Bf4 Nd4 16. O-O Ne6 17. Bd6 b6 18. Na4 bxc5 19. Bxc5 Nxc5 20. Nxc5 Qc7 21. Nb3 Ne4 22. Qa5 Qxa5 23. Nxa5 Nc5 24. Nc3 Be6 25. Rab1 Rab8 26. Rfe1 Rxb2 27. Ne2 Reb8 28. Rxb2 Rxb2 29. Nc6 Rxa2 30. f4 Ra3 31. Ned4 Bd7 32. Nb8 Bxd4+ 0-1

[Event "XVI Calvia Amateur Open 2019"]
[Site "Calvia"]
[Date "2019.10.13"]
[Round "9.3"]
[White "Scherer, Helmut"]
[Black "Jekabsons, Ivars"]
[Result "1/2-1/2"]
[ECO "B31"]
[WhiteElo "2278"]
[BlackElo "2119"]
[Annotator "NA"]
[PlyCount "89"]
[EventDate "2019.10.05"]
[EventType "swiss"]
[EventCountry "ESP"]
[SourceTitle "playchess.com"]
[Source "ChessBase"]
[SourceQuality "1"]
[TimeControl "40/5400+30:900+30"]

1. e4 c5 2. Nf3 Nc6 3. Bb5 g6 4. c3 Nf6 5. Qe2 Qb6 6. Ba4 Bg7 7. h3 O-O 8. O-O d6 9. Rd1 e5 10. d3 Bd7 11. Bb3 a5 12. Na3 a4 13. Bc4 Rfe8 14. Bg5 h6 15. Bxf6 Bxf6 16. Bd5 Ne7 17. Nc4 Qc7 18. Ne3 Be6 19. c4 Bxd5 20. cxd5 h5 21. g4 hxg4 22. hxg4 Nc8 23. g5 Be7 24. Qf1 Kg7 25. Qg2 Rh8 26. Qg3 Rh5 27. Kg2 Nb6 28. Rh1 Rah8 29. b3 Qd8 30. Rxh5 Rxh5 31. Rh1 Rxh1 32. Kxh1 axb3 33. axb3 Nd7 34. Kg2 Nf8 35. Ng4 Nh7 36. Nfxe5 dxe5 37. Qxe5+ f6 38. gxf6+ Nxf6 39. Ne3 Qd6 40. Qg5 Qd8 41. d6 Bxd6 42. e5 Bxe5 43. Qxe5 b6 44. Ng4 Kf7 45. Ne3 1/2-1/2

[Event "XVI Calvia Amateur Open 2019"]
[Site "Calvia"]
[Date "2019.10.13"]
[Round "9.4"]
[White "Hristodorescu, Daniel"]
[Black "Borovnica, Tihomir"]
[Result "1/2-1/2"]
[ECO "C01"]
[WhiteElo "2102"]
[BlackElo "2231"]
[Annotator "NA"]
[PlyCount "23"]
[EventDate "2019.10.05"]
[EventType "swiss"]
[EventCountry "ESP"]
[SourceTitle "playchess.com"]
[Source "ChessBase"]
[SourceQuality "1"]
[TimeControl "40/5400+30:900+30"]

1. e4 e6 2. d4 d5 3. Nc3 Bb4 4. exd5 exd5 5. Bd3 Nc6 6. Nge2 Nge7 7. O-O Bf5 8. Bg5 Qd7 9. a3 Bxc3 10. Nxc3 Bxd3 11. Qxd3 O-O 12. Bxe7 1/2-1/2

[Event "XVI Calvia Amateur Open 2019"]
[Site "Calvia"]
[Date "2019.10.13"]
[Round "9.6"]
[White "Thakoerdien, Jerrel"]
[Black "Amengual Perello, Jordi"]
[Result "1/2-1/2"]
[ECO "E05"]
[WhiteElo "2149"]
[BlackElo "2087"]
[Annotator "NA"]
[PlyCount "121"]
[EventDate "2019.10.05"]
[EventType "swiss"]
[EventCountry "ESP"]
[SourceTitle "playchess.com"]
[Source "ChessBase"]
[SourceQuality "1"]
[TimeControl "40/5400+30:900+30"]

1. d4 Nf6 2. Nf3 e6 3. g3 d5 4. Bg2 Be7 5. O-O O-O 6. c4 dxc4 7. Qc2 b5 8. a4 b4 9. Qxc4 Ba6 10. Qc2 Nbd7 11. Re1 c5 12. b3 Rc8 13. Qa2 c4 14. bxc4 Bxc4 15. Qb2 a5 16. Nbd2 Bd5 17. e4 Bc6 18. d5 exd5 19. e5 Ne4 20. Nd4 Ndc5 21. Nxc6 Rxc6 22. Bf1 Nc3 23. Qc2 Qb6 24. Bb2 N5xa4 25. Rxa4 b3 26. Qd3 Nxa4 27. Bd4 Bc5 28. Nxb3 Bxd4 29. Nxd4 Rc3 30. Qd1 Qb4 31. e6 Nb2 32. Qg4 fxe6 33. Qxe6+ Kh8 34. Qe5 Nd3 35. Bxd3 Rxd3 36. Ne6 Rg8 37. Ng5 Rf8 38. Ne6 Rf6 39. Rc1 h6 40. Qc7 Rxe6 41. Qc8+ Kh7 42. Qxe6 Qe4 43. Qxe4+ dxe4 44. Rc4 e3 45. fxe3 Rxe3 46. Rc5 Ra3 47. Kf2 g5 48. h3 a4 49. Ra5 Ra2+ 50. Kf3 Ra3+ 51. Kg4 Kg7 52. Ra7+ Kg6 53. Ra6+ Kg7 54. Ra7+ Kf8 55. Rh7 Ra1 56. Rxh6 a3 57. Ra6 a2 58. Ra7 Kg8 59. Kh5 Rg1 60. Rxa2 Rxg3 61. Kg6 1/2-1/2